 Dungeon Crawl Stone Soup version 0.31-a0-949-g57150269e1 (webtiles) character file.

Game seed: 8607637089203282352

98 Zonian the Magician (level 4, -1/24 HPs)
             Began as a Deep Elf Hedge Wizard on Oct 21, 2023.
             Slain by an orc
             ... wielding a +0 trident
              (4 damage)
             ... on level 4 of the Dungeon.
             The game lasted 00:05:01 (4827 turns).

Zonian the Magician (Deep Elf Hedge Wizard)         Turns: 4827, Time: 00:05:02

Health: -1/24      AC:  2    Str:  7    XL:     4   Next: 43%
Magic:  4/13       EV: 13    Int: 21    God:
Gold:   101        SH:  0    Dex: 14    Spells: 8/13 levels left

rFire   . . .        a - +1 dagger
rCold   + . .        (no shield)
rNeg    . . .        b - +0 robe
rPois   .            c - +0 hat
rElec   .            (no cloak)
rCorr   .            (no gloves)
SInv    .            (no boots)
Will    +....        (no amulet)
Stlth   ++           j - ring of protection from cold
HPRegen 0.24/turn    h - ring of willpower
MPRegen 0.13/turn

%: no passive effects
@: very slightly contaminated
A: no striking features
a: no special abilities


You were on level 4 of the Dungeon.
You visited 1 branch of the dungeon, and saw 4 of its levels.

You collected 101 gold pieces.

Inventory:

Hand Weapons
 a - a +1 dagger (weapon)
Missiles
 l - 2 throwing nets
 q - 4 datura-tipped darts
Armour
 b - a +0 robe (worn)
 c - a +0 hat (worn)
Jewellery
 h - a ring of willpower (right hand)
 j - a ring of protection from cold (left hand)
Potions
 d - a potion of magic
 e - a potion of attraction
 f - a potion of curing {unknown}
 g - a potion of mutation {unknown}
 i - 3 potions of degeneration {unknown}
 o - a potion of haste {unknown}
 r - a potion of brilliance {unknown}


   Skills:
 + Level 3.2 Dodging
 + Level 3.3 Stealth
 + Level 5.0 Spellcasting
 + Level 2.0 Conjurations
 + Level 0.1 Hexes
 + Level 1.9 Summonings
 + Level 2.1 Translocations
 + Level 0.3 Ice Magic


You had 8 spell levels left.
You knew the following spells:

 Your Spells              Type           Power      Damage    Failure   Level
a - Magic Dart            Conj           56%        1d5       4%          1
b - Blink                 Tloc           28%        N/A       7%          2
c - Ensorcelled Hibernat  Hex/Ice        12%        N/A       14%         2

Your spell library contained the following spells:

 Spells                   Type           Power      Damage    Failure   Level
 Call Imp                 Summ           26%        N/A       8%          2
 Slow                     Hex            20%        N/A       11%         1
 Cigotuvi's Dreadful Rot  Necr/Pois/Air  10%        N/A       16%         2
 Passwall                 Tmut/Erth      4%         N/A       16%         2
 Mephitic Cloud           Conj/Pois/Air  8%         N/A       24%         3
 Confusing Touch          Hex            5%         N/A       30%         3
 Sigil of Binding         Hex            5%         N/A       30%         3
 Ignite Poison            Fire/Tmut/Pois 5%         N/A       32%         3
 Swiftness                Air            5%         N/A       32%         3
 Vampiric Draining        Necr           5%         2d6       32%         3
 Sticky Flame             Conj/Fire      9%         2d3       56%         4
 Ignition                 Fire           2%         3d3       100%        8


Dungeon Overview and Level Annotations

Branches:
Dungeon (4/15)
 Temple: D:4-7

Altars:
Elyvilon
Ru

Shops:
D:3 (:


Message History

The orc is heavily wounded.
The orc shouts!
The magic dart hits the orc but does no damage.
The orc is heavily wounded.
The magic dart hits the orc but does no damage.
The orc is heavily wounded.
The magic dart hits the orc but does no damage.
The orc is heavily wounded.
The orc barely misses you.
The magic dart hits the orc but does no damage.
The orc is heavily wounded.
The orc hits you from afar with a +0 trident!
Unknown command.
The orc attacks as it pursues you! The orc closely misses you.
The orc attacks as it pursues you! The orc closely misses you.
The orc attacks as it pursues you! The orc barely misses you.
The orc closely misses you. The orc barely misses you.
You miscast Magic Dart.
You are very lightly contaminated with residual magic.
Nothing appears to happen.
The orc closely misses you.
The orc hits you from afar with a +0 trident.
The orc misses you.
The magic dart hits the orc.
The orc is heavily wounded.
The orc barely misses you. The orc misses you. The orc hits you with a +0 whip.
Unknown command.
Casting: Magic Dart (safe; 4% risk of failure)
Confirm with . or Enter, or press ? or * to list all spells.
Aiming: Ensorcelled Hibernation (safe; 14% risk of failure)
Press: ? - help, Shift-Dir - straight line, f/p - orc
Aim: an orc, wielding a +0 whip and wearing a +3 scale mail (heavily wounded, chance to affect: 57%)
The orc looks drowsy...
The orc hits you from afar with a +0 trident!
* * * LOW HITPOINT WARNING * * *
The orc hits you but does no damage.
The helpless orc fails to defend itself.
You hit the orc.
The orc is almost dead.
The orc hits you from afar with a +0 trident.
You die...

#################
#................
#............####
#............#
#........†...#
#............#
###............#
##########o@............####
...........#............##..
.........oo#............##..
...........###.###########..
...........# #.# #..
####....##+# #.# #.. #.....
.# ##.. ....... +...
#####.#.. ####


You could see 3 orcs.

Vanquished Creatures
  4 adders
  3 worms
  A dart slug (D:4)
  3 ball pythons
  5 endoplasms
  3 giant cockroaches
  4 goblins
  2 hobgoblins
  10 kobolds
  4 quokkas
  6 bats
  5 rats
50 creatures vanquished.

Notes
Turn   | Place    | Note
-------+----------+-------------------------------------------
     0 | D:1      | Zonian the Deep Elf Hedge Wizard began the quest for the
                  | Orb.
     0 | D:1      | Reached XP level 1. HP: 10/10 MP: 7/7
   557 | D:1      | Reached XP level 2. HP: 15/15 MP: 1/9
  1555 | D:1      | Found a faded altar of an unknown god.
  2045 | D:2      | Reached XP level 3. HP: 18/19 MP: 0/11
  3080 | D:3      | Found Camiw's Vocational Training.
  3588 | D:3      | Learned a level 2 spell: Blink
  3661 | D:3      | Reached skill level 5 in Spellcasting
  3661 | D:3      | Reached XP level 4. HP: 18/24 MP: 2/13
  3747 | D:3      | Learned a level 2 spell: Ensorcelled Hibernation
  4017 | D:3      | Found Iwor's Antique Weapon Boutique.
  4149 | D:3      | Found a sacrificial altar of Ru.
  4700 | D:4      | Noticed a scorpion
  4711 | D:4      | Found a white marble altar of Elyvilon.
  4827 | D:4      | Slain by an orc

Illustrated notes

Levels and vault maps discovered:
D:1:      lightli_arrival_statue_moat, layout_rooms,
          hellmonk_ecumenical_altar_heavens_door, minmay_door_square
D:2:      layout_basic, serial_rivers, chequers_serial_rivers_micro_c,
          chequers_serial_rivers_small_a, chequers_serial_rivers_large_b,
          chequers_serial_rivers_room_a, dk_noncrumbling_4
D:3:      minmay_evil_eye, layout_basic, nicolae_ru_awakened_eye, serial_shops,
          nicolae_shop_tiny_glass, minmay_strange_pillars,
          nicolae_shop_vocational
D:4:      layout_basic, kennysheep_mini_moat, nemelex_altar_shiori,
          nicolae_elyvilon_peaceful_grove, uniq_robin, uniq_pikel

Skill      XL: |  1  2  3 |
---------------+----------+-----
Stealth        | 3 |  3.3
Dodging        | 3 |  3.2
Translocations | 2 |  2.1
Conjurations   | 2 |  2.0
Spellcasting   | 5 |  5.0
Hexes          | |  0.1
Summonings     | |  1.9
Ice Magic      | |  0.3

Action                     |  1- 3 |  4- 6 || total
---------------------------+-------+-------++-------
  Melee: Dagger            |    10 |     1 ||    11
         Punch             |     2 |       ||     2
   Cast: Magic Dart        |   134 |    40 ||   174
         Ensorcelled Hiber |       |     1 ||     1
    Use: Scroll            |       |     8 ||     8
   Stab: Sleeping          |     1 |     1 ||     2
 Armour: Robe              |    19 |     7 ||    26
  Dodge: Dodged            |    27 |    12 ||    39

Table legend: (Time is in decaauts)
 A = Elapsed time spent in this place.
 B = Non-inter-level travel time spent in this place.
 C = Inter-level travel time spent in this place.
 D = Time resting spent in this place.
 E = Time spent auto-exploring this place.
 F = Levels seen in this place.
 G = Mean time per level.
                   A        B        C        D        E       F      G
               +--------+--------+--------+--------+--------+-----+--------+
         Total |   4877 |   4804 |     73 |   2174 |   2214 |   4 | 1219.2 |
       Dungeon |   4877 |   4804 |     73 |   2174 |   2214 |   4 | 1219.2 |
               +--------+--------+--------+--------+--------+-----+--------+

Top non-repeatable levels by time:
     D:1: 1818 daAuts
     D:2: 1392 daAuts
     D:3: 1189 daAuts
     D:4: 476 daAuts
